 Dungeon Crawl Stone Soup version 0.28-a0-845-gfc338a8e3c (webtiles) character file.

Game seed: 13068376555461962847

322 croobank the Covert (level 6, -7/28 HPs)
             Began as a Felid Delver on Nov 12, 2021.
             Was a Priest of Jiyva.
             Mangled by an orc warrior (14 damage)
             ... on level 6 of the Dungeon on Nov 13, 2021.
             The game lasted 00:50:38 (6557 turns).

croobank the Covert (Felid Delver)                  Turns: 6557, Time: 00:50:41

Health: -7/28      AC:  2    Str: 10    XL:     6   Next: 22%
Magic:  8/11       EV: 20    Int: 11    God:    Jiyva [***...]
Gold:   42         SH:  0    Dex: 24    Spells: 6/10 levels left
                                        Lives:  0   Deaths: 2

rFire   . . .      SeeInvis +     - Unarmed
rCold   . . .      Faith    .   (shield unavailable)
rNeg    . . .      Spirit   .   (armour unavailable)
rPois   .          Reflect  .   (helmet unavailable)
rElec   .          Harm     .   (cloak unavailable)
rCorr   +          Rampage  .   (gloves unavailable)
Will    .....                   (boots unavailable)
Stlth   +++++.....              (no amulet)
HPRegen 0.09/turn               h - ring of wizardry
MPRegen 0.12/turn               c - +6 ring of dexterity

@: quick
A: very small, claws 1, fangs 3, see invisible, speed 1, shaggy fur 2, stealthy
paws, no weapons or thrown items, no armour, multi-lived
a: Renounce Religion, Request Jelly


You were on level 6 of the Dungeon.
You worshipped Jiyva.
Jiyva was most pleased with you.
You visited 2 branches of the dungeon, and saw 7 of its levels.

You collected 130 gold pieces.
You spent 88 gold pieces at shops.

Inventory:

Hand Weapons
 m - a +1 dagger
Jewellery
 c - a +6 ring of dexterity (right paw)
 h - a ring of wizardry (left paw)
Wands
 k - a wand of polymorph (9)
Scrolls
 a - a scroll of blinking
 f - a scroll of immolation
 i - a scroll of holy word
Potions
 b - a potion of magic
 j - a potion of might {unknown}
 l - a potion of ambrosia


   Skills:
 + Level 3.5 Fighting
 + Level 4.3 Dodging
 + Level 9.1 Stealth
 + Level 5.2 Unarmed Combat
 * Level 2.9 Spellcasting
 + Level 1.4 Conjurations
 + Level 1.4 Air Magic


You had 6 spell levels left.
You knew the following spells:

 Your Spells              Type           Power      Damage    Failure   Level
a - Shock                 Conj/Air       16%        1d4       6%          1
b - Swiftness             Air            4%         N/A       17%         3

Your spell library contained the following spells:

 Spells                   Type           Power      Damage    Failure   Level
 Airstrike                Air            2%         N/A       47%         4


Dungeon Overview and Level Annotations

Branches:
Dungeon (6/15)             Temple (1/1) D:5

Altars:
Dithmenos
Elyvilon
Fedhas
Gozag
Hepliaklqana
Kikubaaqudgha
Makhleb
Nemelex Xobeh
Okawaru
Qazlal
Vehumet
Wu Jian
Xom
Yredelemnul
Zin
Jiyva

Shops:
D:1 ((?[


Innate Abilities, Weirdness & Mutations

You have sharp claws.
You have razor-sharp teeth.
You have supernaturally acute eyesight. (SInv)
You cover ground quickly. (Speed+)
You are covered in thick fur. (AC +2)
Your paws help you pounce on unaware monsters.
You are incapable of wielding weapons or throwing items.
You cannot wear armour.
You gain extra lives every three experience levels.


Message History

The orc warrior hits you with a +0 hand axe!
* * * LOW HITPOINT WARNING * * *
There is an open door here.
Found a robe.
Aiming: Shock (safe; 6% risk of failure)
Press: ? - help, Q - select action, (/) - cycle Shift-Dir - straight line, f - orc warrior
Aim: an orc warrior, wielding a +0 hand axe and wearing a +0 plate armour (moderately wounded, 64% to hit)
The zap hits the orc warrior but does no damage.
The orc warrior is moderately wounded.
The zap hits the orc.
The orc is lightly wounded.
The zap hits the orc.
The orc is moderately wounded.
Aiming: Shock (safe; 6% risk of failure)
Press: ? - help, Q - select action, (/) - cycle Shift-Dir - straight line, f/p - orc warrior
Aim: an orc warrior, wielding a +0 hand axe and wearing a +0 plate armour (moderately wounded, 64% to hit)
The zap hits the orc warrior but does no damage.
The orc warrior is moderately wounded.
The zap hits the orc.
The orc is heavily wounded.
The zap hits the orc.
The orc is heavily wounded.
Aiming: Shock (safe; 6% risk of failure)
Press: ? - help, Q - select action, (/) - cycle Shift-Dir - straight line, f/p - orc warrior
Aim: an orc warrior, wielding a +0 hand axe and wearing a +0 plate armour (moderately wounded, 64% to hit)
The zap hits the orc warrior but does no damage.
The orc warrior is moderately wounded.
The zap hits the orc.
The orc is heavily wounded.
The zap hits the orc.
You kill the orc!
An ice beast comes into view.
Found 12 gold pieces.
Aiming: Dig
Press: ? - help, Shift-Dir - straight line, p - orc warrior You can't see that place.
The rock shatters into small pieces.
The now-empty wand crumbles to dust.
The orc warrior hits you with a +0 hand axe!
Ouch! That really hurt!
You die...

#......# #.# .#
#......# #.# #.#
#......# #(# #.#
###'#### #.# #.#
#.# #.# #.#
#(######.##
#.#######....†....#
#.#..[#########..#
#.@oo...o.)...o..#
#.#...#########.##
#Y#...# #.# #.#...#
#o# #.##### #.# #.
#o# #. #o# #. #.#
#.#


You could see an orc warrior, an ice beast and 2 orcs.

Vanquished Creatures
  Sigmund (D:3)
  A necrophage (D:4)
  A hornet zombie (D:5)
  An ogre (D:5)
  Blork the orc (D:5)
  2 scorpions
  A centaur zombie (D:5)
  Ijyb (D:3)
  2 hound zombies (D:5)
  Robin (D:3)
  2 gnolls
  A howler monkey skeleton (D:6)
  3 adders
  4 orcs
  14 ball pythons
  2 endoplasms
  A giant cockroach (D:1)
  14 goblins
  12 hobgoblins
  7 jackals (D:2)
  5 kobolds
  3 quokkas
  4 bats
  6 frilled lizards
  4 rats
94 creatures vanquished.

Vanquished Creatures (others)
  A centaur (D:5)
  A scorpion (D:5)
  A centaur zombie (D:5)
  4 jellies
  A gnoll shaman (D:4)
  A gnoll (D:4)
  An ufetubus (D:5)
  A dart slug (D:5)
  3 orcs
  A ball python (D:3)
  A goblin (D:4)
  5 plants (D:3)
21 creatures vanquished.

Grand Total: 115 creatures vanquished

Notes
Turn   | Place    | Note
-------+----------+-------------------------------------------
     0 | D:5      | croobank the Felid Delver began the quest for the Orb.
     0 | D:5      | Reached XP level 1. HP: 10/10 MP: 2/2
   138 | D:3      | Reached skill level 7 in Stealth
   138 | D:3      | Reached XP level 2. HP: 12/14 MP: 3/3
   447 | D:1      | Found Nitariy's Magic Scroll Shop.
   464 | D:1      | Bought a scroll of identify for 22 gold pieces
   464 | D:1      | Bought a scroll of identify for 22 gold pieces
   840 | D:1      | Found Viujat's Antique Armour Boutique.
   957 | D:1      | Learned a level 1 spell: Shock
  1124 | D:1      | Reached XP level 3. HP: 9/17 MP: 4/4
  1391 | D:1      | Found Isigin's Weapon Shop.
  1455 | D:1      | Bought a scroll of identify for 22 gold pieces
  1780 | D:1      | Found Oqe Yko's Antique Weapon Emporium.
  2976 | D:1      | Bought a scroll of identify for 22 gold pieces
  2994 | D:3      | Noticed Sigmund
  2996 | D:3      | Killed Sigmund
  2997 | D:3      | Reached skill level 8 in Stealth
  2997 | D:3      | Reached skill level 1 in Spellcasting
  2997 | D:3      | Reached XP level 4. HP: 21/21 MP: 4/7
  2997 | D:3      | Reached XP level 5. HP: 24/24 MP: 4/8
  3314 | D:3      | Noticed Ijyb
  3315 | D:3      | Killed Ijyb
  3316 | D:3      | Reached skill level 1 in Conjurations
  3316 | D:3      | Gained mutation: You are covered in thick fur. (AC +2)
                  | [Felid growth]
  3316 | D:3      | Reached XP level 6. HP: 28/28 MP: 9/9
  3327 | D:3      | Noticed Robin
  3358 | D:4      | Reached skill level 1 in Air Magic
  3371 | D:4      | HP: 1/28 [gnoll (11)]
  3855 | D:3      | Killed Robin
  4036 | D:3      | Found a faded altar of an unknown god.
  4076 | D:3      | Learned a level 3 spell: Swiftness
  4085 | D:3      | Prayed at the altar of an unknown god.
  4085 | D:3      | Became a worshipper of Jiyva Jauluuka the Shapeless
  4085 | D:3      | Reached * piety under Jiyva
  4470 | D:4      | Reached ** piety under Jiyva
  5049 | D:5      | Reached XP level 7. HP: 18/31 MP: 11/11
  5341 | D:5      | Shot with an arrow by a centaur
  5342 | D:5      | Reached XP level 6. HP: -1/28 MP: 3/11
  5371 | D:5      | Noticed Blork the orc
  5393 | D:5      | Killed Blork the orc
  5595 | D:5      | Found a staircase to the Ecumenical Temple.
  5607 | D:5      | Reached skill level 9 in Stealth
  5610 | Temple   | Entered the Ecumenical Temple
  5816 | D:5      | Reached *** piety under Jiyva
  5970 | D:5      | Shot with an arrow by a centaur
  5971 | D:5      | Reached XP level 5. HP: -5/24 MP: 10/10
  6074 | D:5      | Killed a centaur
  6414 | D:6      | Reached skill level 5 in Unarmed Combat
  6498 | D:6      | Reached XP level 6. HP: 28/28 MP: 11/11
  6515 | D:6      | Noticed an orc warrior
  6556 | D:6      | Noticed an ice beast
  6557 | D:6      | Mangled by an orc warrior

Illustrated notes

Levels and vault maps discovered:
D:1:      co_arrival_random_square_maze, layout_basic, serial_shops,
          shop_scrolls, shop, shop, nicolae_shop_behind_doors, st_stairs_6,
          chequers_jeans, minivault_14
D:2:      layout_rooms
D:3:      minmay_evil_eye, layout_basic,
          hellmonk_ecumenical_altar_leap_of_faith, serial_bayou_crossing,
          uniq_robin, uniq_sigmund, uniq_ijyb
D:4:      layout_rooms
D:5:      layout_layer_cave, minmay_temple_entry_large_hall,
          corexii_item_surrounded_by_moat, uniq_blork_the_orc
D:6:      layout_basic, nicolae_ru_sacrificial_ziggurat,
          minmay_misc_feat_encased, chequers_serial_rivers_room_a,
          chequers_serial_rivers_room_a
Temple:   regret_index_temple_waves

Skill      XL: |  1  2  3  4  5  6 |
---------------+-------------------+-----
Stealth        | 7 8 9 |  9.1
Dodging        | 3 4 |  4.3
Unarmed Combat | 3 5 4 |  5.2
Spellcasting   | 1 2 |  2.9
Conjurations   | 1 |  1.4
Air Magic      | 1 |  1.4
Fighting       | |  3.5

Action                   |  1- 3 |  4- 6 |  7- 9 || total
-------------------------+-------+-------+-------++-------
Melee: Unarmed           |   133 |   109 |     2 ||   244
       Bite              |    12 |    11 |     1 ||    24
       Punch             |     1 |     2 |       ||     3
 Cast: Shock             |    12 |    22 |    20 ||    54
Evoke: Wand              |       |     3 |       ||     3
  Use: Potion            |     1 |     4 |     2 ||     7
       Scroll            |     8 |     8 |       ||    16
 Stab: Sleeping          |     7 |    11 |       ||    18
       Distracted        |     1 |     1 |       ||     2
Armor: Skin              |     5 |     3 |       ||     8
Dodge: Dodged            |   121 |   103 |    11 ||   235

Table legend: (Time is in decaauts)
 A = Elapsed time spent in this place.
 B = Non-inter-level travel time spent in this place.
 C = Inter-level travel time spent in this place.
 D = Time resting spent in this place.
 E = Time spent auto-exploring this place.
 F = Levels seen in this place.
 G = Mean time per level.
                   A        B        C        D        E       F      G
               +--------+--------+--------+--------+--------+-----+--------+
         Total |   5821 |   5714 |    107 |   1001 |   3417 |   7 |  831.6 |
       Dungeon |   5719 |   5626 |     93 |   1001 |   3341 |   6 |  953.2 |
        Temple |    101 |     87 |     14 |      0 |     76 |   1 |  101.0 |
               +--------+--------+--------+--------+--------+-----+--------+

Top non-repeatable levels by time:
     D:1: 1724 daAuts
     D:5: 1471 daAuts
     D:3: 1177 daAuts
     D:2: 632 daAuts
     D:4: 573 daAuts
     D:6: 141 daAuts
  Temple: 101 daAuts
